 Dungeon Crawl Stone Soup version 0.30-a0-626-gd6a5dd7a1f (webtiles) character file.

Game seed: 16114472065681766275

63 NinjaNoafa the Sneak (level 4, -5/28 HPs)
             Began as an Octopode Transmuter on Jan 11, 2023.
             Slain by a gnoll
             ... wielding a +0 halberd
              (17 damage)
             ... on level 2 of the Dungeon.
             The game lasted 00:04:28 (1683 turns).

NinjaNoafa the Sneak (Octopode Transmuter)          Turns: 1683, Time: 00:04:29

Health: -5/28      AC:  1    Str: 15    XL:     4   Next: 10%
Magic:  4/7        EV: 13    Int: 17    God:
Gold:   46         SH:  0    Dex: 12    Spells: 4/7 levels left

rFire   . . .      SeeInvis .      - Unarmed
rCold   . . .      Faith    .    (no shield)
rNeg    . . .      Spirit   .    (helmet currently unavailable)
rPois   .          Reflect  .    (no amulet)
rElec   .          Harm     .    g - +6 ring of strength
rCorr   .          Rampage  .    (no ring)
Will    .....                    (no ring)
Stlth   ++++                     (no ring)
HPRegen 0.24/turn                (no ring)
MPRegen 0.10/turn                (no ring)
                                 (no ring)
                                 (no ring)

@: appendages (expiring)
A: tentacle spike 3, almost no armour, amphibious, 8 rings, camouflage 1,
gelatinous body 1, (nimble swimmer 1), tentacles
a: End Transformation


You were on level 2 of the Dungeon.
One of your tentacles had grown a beastly spike.
You visited 1 branch of the dungeon, and saw 2 of its levels.

You collected 46 gold pieces.

Inventory:

Jewellery
 g - a +6 ring of strength (left tentacle)
Wands
 d - a wand of mindburst (5)
Scrolls
 b - a scroll of immolation {unknown}
 c - a scroll of blinking {unknown}
 e - 2 scrolls of identify {unknown}
 f - a scroll of teleportation {unknown}
 h - a scroll of vulnerability {unknown}
Potions
 a - a potion of flight {unknown}


   Skills:
 - Level 1.0 Fighting
 - Level 2.0 Dodging
 + Level 4.7 Stealth
 - Level 3.0 Unarmed Combat
 - Level 2.1 Spellcasting
 - Level 2.3 Transmutations


You had 4 spell levels left.
You knew the following spells:

 Your Spells              Type           Power      Damage    Failure   Level
a - Beastly Appendage     Tmut           18%        N/A       8%          1
b - Wereblood             Tmut           9%         N/A       11%         2

Your spell library contained the following spells:

 Spells                   Type           Power      Damage    Failure   Level
 Spider Form              Tmut/Pois      5%         N/A       34%         3
 Call Canine Familiar     Summ           1%         N/A       50%         3
 Portal Projectile        Hex/Tloc       2%         N/A       50%         3
 Ice Form                 Ice/Tmut       5%         N/A       75%         4
 Leda's Liquefaction      Hex/Erth       0%         N/A       88%         4


Dungeon Overview and Level Annotations

Branches:
Dungeon (2/15)

Altars:

Shops:
D:1 =   D:2 (


Innate Abilities, Weirdness & Mutations

One of your tentacles has grown a beastly spike.
You cannot wear most types of armour.
You are amphibious.
You can wear up to eight rings at the same time.
Your skin changes colour to match your surroundings (Stealth+).
Your rubbery body absorbs attacks. (AC +1, EV +1)
((You are camouflaged when in or above water. (Stealth+)))
You have tentacles for arms and can constrict up to eight enemies at once.


Message History

A gnoll is nearby!
A gnoll is nearby!
A gnoll is nearby!
Casting: Beastly Appendage (safe; 8% risk of failure)
Confirm with . or Enter, or press ? or * to list all spells.
One of your tentacles grows a vicious spike.
The gnoll shouts!
Casting: Beastly Appendage (safe; 8% risk of failure)
Confirm with . or Enter, or press ? or * to list all spells.
You miscast Wereblood.
You are very lightly contaminated with residual magic.
Nothing appears to happen.
You tentacle-slap the gnoll. Your grab misses the gnoll.
You pierce the gnoll.
The gnoll is severely wounded.
A gnoll comes into view. It is wielding a +0 halberd.
The gnoll hits you with a +0 flail.
The gnoll shouts!
You tentacle-slap the gnoll.
You kill the gnoll!
You have reached level 4!
A gnoll comes into view. It is wielding a +0 halberd.
The gnoll closely misses you.
You see here a +0 flail.
The gnoll barely misses you. The gnoll misses you.
Your magical contamination has completely faded away.
Your transformation is almost over.
You barely miss the gnoll. You grab the gnoll.
You constrict the gnoll, but do no damage.
The gnoll hits you with a +0 halberd!
You tentacle-slap the gnoll.
You pierce the gnoll, but do no damage.
The gnoll is lightly wounded.
You constrict the gnoll. The gnoll closely misses you.
You tentacle-slap the gnoll but do no damage.
You pierce the gnoll!
The gnoll is almost dead.
You constrict the gnoll, but do no damage.
The gnoll hits you from afar with a +0 halberd!
Ouch! That really hurt!
You die...

#.# #.#
#..........#. #.#
#.# #.#####.##.#.
#######.# #.### #.#
#.##.#. .....##.#
#...#####.# #.##.#.
.###.##.#
###.#.....# #.##.#.
.# #....#
#...#.##### #....#.
†# ###### #.###...#
####### w#
#.#...#.#########.#
w#
#...@.............#
.#
###g#############.#
.# #g.g.# ##### #.#
.# ####g####...#
#.### ##
#.....##.(.###....
#....<##...'..###.
#..g..##...##.# #.
#.....##...##.# #.
#..(..##...##.####


You could see 2 gnolls.

Vanquished Creatures
  A gnoll (D:2)
  3 dart slugs
  10 ball pythons
  3 endoplasms
  3 goblins (D:1)
  3 hobgoblins (D:1)
  4 jackals (D:1)
  7 kobolds
  3 quokkas
  4 bats
  3 rats
44 creatures vanquished.

Notes
Turn   | Place    | Note
-------+----------+-------------------------------------------
     0 | D:1      | NinjaNoafa the Octopode Transmuter began the quest for the
                  | Orb.
     0 | D:1      | Reached XP level 1. HP: 13/13 MP: 3/3
   110 | D:1      | Found Saudom's Jewellery Boutique.
   162 | D:1      | Reached skill level 1 in Stealth
   162 | D:1      | Reached XP level 2. HP: 18/18 MP: 3/5
   228 | D:1      | Reached skill level 2 in Stealth
   445 | D:1      | Reached skill level 3 in Stealth
   445 | D:1      | Reached XP level 3. HP: 6/23 MP: 4/6
  1022 | D:2      | Learned a level 2 spell: Wereblood
  1036 | D:2      | Found Jona's Antique Weapon Shoppe.
  1295 | D:2      | Reached skill level 4 in Stealth
  1674 | D:2      | Reached XP level 4. HP: 22/28 MP: 3/7
  1683 | D:2      | Slain by a gnoll

Illustrated notes

Levels and vault maps discovered:
D:1:      heliophobic_arrival_glass_houses, layout_rooms, serial_shops,
          nicolae_square_shop
D:2:      layout_basic, serial_shops, shop

Skill      XL: |  1  2  3 |
---------------+----------+-----
Stealth        | 1 3 4 |  4.7
Fighting       | |  1.0
Dodging        | |  2.0
Unarmed Combat | |  3.0
Spellcasting   | |  2.1
Transmutations | |  2.3

Action                   |  1- 3 |  4- 6 || total
-------------------------+-------+-------++-------
Melee: Unarmed           |    86 |     3 ||    89
       Constrict         |    28 |     1 ||    29
       Tentacles         |    15 |       ||    15
       Kick              |    17 |     2 ||    19
       Punch             |     1 |       ||     1
 Cast: Beastly Appendage |    25 |       ||    25
  Use: Potion            |     1 |       ||     1
 Stab: Sleeping          |     8 |       ||     8
Armor: Skin              |    17 |       ||    17
Dodge: Dodged            |    85 |     4 ||    89

Table legend: (Time is in decaauts)
 A = Elapsed time spent in this place.
 B = Non-inter-level travel time spent in this place.
 C = Inter-level travel time spent in this place.
 D = Time resting spent in this place.
 E = Time spent auto-exploring this place.
 F = Levels seen in this place.
 G = Mean time per level.
                   A        B        C        D        E       F      G
               +--------+--------+--------+--------+--------+-----+--------+
         Total |   1679 |   1597 |     82 |      0 |   1252 |   2 |  839.5 |
       Dungeon |   1679 |   1597 |     82 |      0 |   1252 |   2 |  839.5 |
               +--------+--------+--------+--------+--------+-----+--------+

Top non-repeatable levels by time:
     D:1: 867 daAuts
     D:2: 811 daAuts
